 Dungeon Crawl Stone Soup version 0.16-a0-2839-gd16e107 (webtiles) character file.

1353 Kemay the Ducker (level 8, 0/56 HPs)
             Began as an Octopode Transmuter on Nov 28, 2014.
             Was an Initiate of Ashenzari.
             Slain by an ice beast (9 damage)
             ... on level 7 of the Dungeon on Nov 29, 2014.
             The game lasted 00:36:30 (8362 turns).

Kemay the Ducker (Octopode Transmuter)              Turns: 8362, Time: 00:36:30

Health: 0/56       AC:  6    Str:  9    XL:     8   Next: 63%
Magic:  12/13      EV: 16    Int: 15    God:    Ashenzari [......]
Gold:   469        SH:  0    Dex: 15    Spells: 3 memorised, 2 levels left

rFire  . . .     SeeInvis .     e - +2 dagger (protect)
rCold  . . .     Clarity  .     (no shield)
rNeg   . . .     SustAb   .     (helmet restricted)
rPois  .         Gourm    .     (no amulet)
rElec  .         Spirit   .     v - ring of wizardry
rCorr  .         Warding  .     (no ring)
rMut   .         Stasis   .     (no ring)
MR     .....                    (no ring)
Stlth  ++........               (no ring)
                                (no ring)
                                (no ring)
                                (no ring)

@: appendage, not resistant to hostile enchantments, unstealthy
A: almost no armour, amphibious, 8 rings, constrict 8, tentacle spike 3,
camouflage 1, gelatinous body 1
a: End Transformation, Renounce Religion


You were on level 7 of the Dungeon.
You worshipped Ashenzari.
Ashenzari was noncommittal.
You were not hungry.
One of your tentacles had a temporary spike.
You visited 2 branches of the dungeon, and saw 8 of its levels.

You collected 469 gold pieces.

Inventory:

Hand weapons
 e - a +2 dagger of protection (weapon)
Armour
 w - a +0 shield
Jewellery
 v - a ring of wizardry (left tentacle)
Magical devices
 j - a wand of frost (17)
 r - a wand of frost (46)
 x - a wand of cold (5)
 y - a wand of enslavement (9)
Scrolls
 f - a scroll of amnesia
 k - a scroll of recharging
 o - 2 scrolls of remove curse
 z - a scroll of teleportation
Potions
 b - a potion of mutation {unknown}
 c - 2 potions of haste
 g - a potion of invisibility
 h - 5 potions of curing
 m - a potion of brilliance
 n - a potion of magic
 s - a potion of heal wounds
 u - a potion of cure mutation
Books
 d - a book of Changes

   Spells                             Type                      Level
   a - Beastly Appendage              Transmutation                1
   b - Sticks to Snakes               Transmutation                2
   c - Spider Form                    Transmutation/Poison         3
   d - Ice Form                       Ice/Transmutation            4
   e - Blade Hands                    Transmutation                5
 t - a Plane Papyrus {highlevel, unknown}

   This book is beyond your current level of understanding.

   Spells                             Type                      Level
   a - Dispersal                      Translocation                6
   b - Controlled Blink               Translocation                7
   c - Malign Gateway                 Summoning/Translocation      7
   d - Disjunction                    Translocation                8
   e - Singularity                    Translocation                9
Comestibles
 a - 8 bread rations
 i - 4 meat rations
 l - 5 chunks of flesh
 p - 3 beef jerkies
 q - 5 fruits


   Skills:
 - Level 5.4 Fighting
 - Level 7.4 Dodging
 - Level 3.0 Unarmed Combat
 - Level 2.0 Spellcasting
 + Level 5.1 Transmutations


You had 2 spell levels left.
You knew the following spells:

 Your Spells              Type           Power        Failure   Level  Hunger
a - Beastly Appendage     Trmt           ###...       1%          1    #......
b - Blade Hands           Trmt           ###.......   45%         5    ######.
c - Spider Form           Trmt/Pois      #.........   10%         3    ###....


Dungeon Overview and Level Annotations

Branches:
Dungeon (7/15)             Temple (1/1) D:6

Altars:
Ashenzari
Cheibriados
Dithmenos
Elyvilon
Fedhas
Gozag
Kikubaaqudgha
Makhleb
Nemelex Xobeh
Okawaru
Qazlal
Trog
Vehumet
Xom
Yredelemnul
Zin
The Shining One

Annotations:
D:6 1 exclusion


Innate Abilities, Weirdness & Mutations

You cannot wear most types of armour.
You are amphibious.
You can wear up to eight rings at the same time.
You can use your tentacles to constrict many enemies at once.
Your skin changes colour to match your surroundings (Stealth).
Your rubbery body absorbs attacks (AC +1).
One of your tentacles bears a large vicious spike.


Message History

The ice beast is heavily wounded.
Your tentacle spike disappears.
The ice beast misses you.
You closely miss the ice beast.
The ice beast is heavily wounded.
The ice beast hits you but does no damage.
Casting: Beastly Appendage
Confirm with . or Enter, or press ? or * to list all spells.
One of your tentacles grows a vicious spike.
The ice beast barely misses you.
You hit the ice beast.
The ice beast is severely wounded.
The ice beast hits you. The ice beast freezes you!
* * * LOW HITPOINT WARNING * * *
You closely miss the ice beast.
The ice beast is severely wounded.
The ice beast hits you.
* * * LOW HITPOINT WARNING * * *
The ice beast freezes you!
You die...

###########
#.........#
#.#######.#
#######......##.####
#.........##.##....#
#.........# ####)#
#...@.....##.#####.##
#...Y.................
#...........#.#.......
#...........# #.###.##
#...........#.#.......
#...........#.....)...
#.......... #####..)..
.#.###### #..)..
#####(


You could see an ice beast.

Vanquished Creatures
  Menkaure (D:5)
  An ice beast (D:5)
  A phantom (D:5)
  An ogre (D:6)
  Sigmund (D:2)
  Blork the orc (D:6)
  A giant frog (D:4)
  A jelly (D:6)
  4 hounds
  A goliath beetle (D:6)
  A quasit (D:6)
  2 giant frog skeletons (D:4)
  4 orc wizards
  6 worker ants
  A worker ant zombie (D:7)
  Robin (D:4)
  3 adders
  4 gnolls (D:6)
  A shadow imp (D:7)
  2 worms
  4 adder skeletons
  2 giant geckos
  An ooze (D:1)
  8 orcs
  A ball python (D:2)
  5 giant cockroaches
  16 hobgoblins
  10 jackals
  4 quokkas
  13 bats
  A giant cockroach zombie (D:5)
  5 giant newts
  A giant spore (D:6)
  16 goblins
  2 jackal skeletons
  11 kobolds
  15 rats
153 creatures vanquished.

Notes
Turn   | Place    | Note
--------------------------------------------------------------
     0 | D:1      | Kemay, the Octopode Transmuter, began the quest for the Orb.
     0 | D:1      | Reached XP level 1. HP: 13/13 MP: 3/3
   292 | D:1      | Reached XP level 2. HP: 17/19 MP: 4/4
   699 | D:1      | Reached XP level 3. HP: 21/25 MP: 4/6
   870 | D:2      | Noticed Sigmund
  1913 | D:3      | Found an opulent altar of Gozag.
  2024 | D:3      | Reached XP level 4. HP: 29/31 MP: 7/7
  2783 | D:4      | Reached skill level 4 in Dodging
  2783 | D:4      | Reached XP level 5. HP: 23/36 MP: 7/9
  3000 | D:4      | Noticed Robin
  3044 | D:4      | Killed Robin
  3144 | D:4      | Reached skill level 5 in Dodging
  3144 | D:4      | Reached XP level 6. HP: 16/42 MP: 8/10
  3275 | D:4      | Learned a level 5 spell: Blade Hands
  3360 | D:4      | Found a radiant altar of Vehumet.
  3611 | D:4      | Found a glowing golden altar of the Shining One.
  4220 | D:5      | Entered Level 5 of the Dungeon
  4285 | D:2      | Killed Sigmund
  4811 | D:5      | Noticed Menkaure
  4871 | D:5      | Reached XP level 7. HP: 43/49 MP: 10/12
  5265 | D:5      | Reached skill level 5 in Fighting
  5845 | D:5      | Killed Menkaure
  5845 | D:5      | Reached skill level 6 in Dodging
  6228 | D:5      | Found a stormy altar of Qazlal.
  6352 | D:5      | Reached skill level 7 in Dodging
  6352 | D:5      | Reached XP level 8. HP: 48/56 MP: 13/13
  6885 | D:6      | Noticed Blork the orc
  7439 | D:6      | Found a staircase to the Ecumenical Temple.
  7447 | Temple   | Entered the Ecumenical Temple
  7670 | Temple   | Upgraded the game from 0.16-a0-2818-g1ef6e07 to 0.16-a0-2839-gd16e107
  7680 | Temple   | Learned a level 3 spell: Spider Form
  7713 | Temple   | Became a worshipper of Ashenzari the Shackled
  7761 | D:6      | Killed Blork the orc
  8025 | D:6      | Found an iron altar of Okawaru.
  8170 | D:7      | Reached skill level 5 in Transmutations
  8362 | D:7      | Slain by an ice beast

Action                   |  1- 3 |  4- 6 |  7- 9 || total
-------------------------+-------+-------+-------++-------
Melee: Unarmed           |   101 |    96 |       ||   197
       Dagger            |       |    76 |   233 ||   309
 Cast: Beastly Appendage |    13 |    19 |    32 ||    64
Evoke: Wand              |       |     5 |    12 ||    17
  Use: Scroll            |     6 |    10 |     4 ||    20
       Potion            |       |     3 |     6 ||     9
 Stab: Sleeping          |     2 |     4 |     4 ||    10
  Eat: Chunk             |     4 |     9 |     9 ||    22
       Fruit             |       |       |     2 ||     2
       Pizza             |       |       |     1 ||     1
